 Dungeon Crawl Stone Soup version 0.31.0-11-ge490571c62 (webtiles) character file.

Game seed: 9395675175997654937

20 Arctor the Firebug (level 2, 0/22 HPs)
             Began as a Deep Elf Fire Elementalist on Jan 31, 2024.
             Succumbed to a kobold's poison
             ... on level 1 of the Dungeon.
             The game lasted 00:00:26 (343 turns).

Arctor the Firebug (Deep Elf Fire Elementalist)      Turns: 343, Time: 00:00:27

Health: 0/22       AC:  2    Str:  5    XL:     2   Next: 58%
Magic:  6/8        EV: 13    Int: 19    God:
Gold:   18         SH:  0    Dex: 15    Spells: 6/7 levels left

rFire   . . .        (no weapon)
rCold   . . .        (no shield)
rNeg    . . .        a - +0 robe
rPois   .            (no helmet)
rElec   .            (no cloak)
rCorr   .            (no gloves)
SInv    .            (no boots)
Will    .....        (no amulet) Stlth
                     (no ring)
HPRegen 0.23/turn    (no ring)
MPRegen 0.11/turn

%: no passive effects
@: berserking, lethally poisoned (0 -> -2), very slightly contaminated, very
quick
A: no striking features
a: no special abilities


You were on level 1 of the Dungeon.
You visited 1 branch of the dungeon, and saw 1 of its levels.

You collected 18 gold pieces.

Inventory:

Missiles
 c - a throwing net
Armour
 a - a +0 robe (worn)
Scrolls
 f - a scroll of summoning {unknown}
Potions
 b - a potion of magic
 e - a potion of ambrosia {unknown}


   Skills:
 + Level 2.8 Dodging
 + Level 2.8 Stealth
 + Level 3.3 Spellcasting
 + Level 1.5 Conjurations
 + Level 3.5 Fire Magic


You had 6 spell levels left.
You knew the following spells:

 Your Spells              Type           Power      Damage    Failure   Level
a - Foxfire               Conj/Fire      48%        2x1d6     5%          1

Your spell library contained the following spells:

 Spells                   Type           Power      Damage    Failure   Level
 Scorch                   Fire           32%        2d6       5%          2
 Magic Dart               Conj           36%        1d4       8%          1
 Searing Ray              Conj           18%        2d5       12%         2
 Inner Flame              Hex/Fire       9%         N/A       22%         3
 Volatile Blastmotes      Fire/Tloc      18%        2d11      22%         3
 Flame Wave               Conj/Fire      12%        2d6       45%         4
 Fulminant Prism          Conj/Alch      3%         3d5       71%         4


Dungeon Overview and Level Annotations

Branches:
Dungeon (1/15)

Altars:

Shops:
D:1 [*


Message History

You see here a ball python corpse.
You miscast Foxfire.
You are very lightly contaminated with residual magic.
Nothing appears to happen.
The kobold shouts!
The kobold hits you but does no damage.
You hit the dart slug.
The dart slug is moderately wounded.
The quokka closely misses you. The kobold barely misses you.
There are monsters nearby!
You hit the dart slug but do no damage.
The dart slug is moderately wounded.
The quokka bites you. The dart slug bites you.
The kobold hits you with a +0 dagger of venom.
You are poisoned.
You conjure some foxfire!
You feel sick. The quokka closely misses you. The dart slug bites you.
The kobold closely misses you.
You are too injured to fight recklessly!
You are too injured to fight recklessly!
Unknown command.
It was a potion of berserk rage.
A red film seems to cover your vision as you go berserk!
You feel yourself moving faster!
You feel mighty!
You feel sick.
The foxfire hits the kobold but does no damage.
The foxfire hits the kobold.
You kill the kobold!
The quokka barely misses you. The dart slug bites you.
* * * LOW HITPOINT WARNING * * *
The kobold hits you with a +0 dagger of venom.
* * * LOW HITPOINT WARNING * * *
The quokka bites you.
* * * LOW HITPOINT WARNING * * *
You hit the kobold.
You kill the kobold!
You punch the dart slug!
You kill the dart slug!
* * * LOW HITPOINT WARNING * * *
You feel sick. The quokka barely misses you.
You barely miss the quokka.
You die...

.#.#
...........####..####
##'## .##.......# ..#
#...### #........# ..#
'.<.'.+ +........#
..##
#...#####....######..#
##'##.......?.?...#..#
.#.# .###......##....#
#+# #.###........#
.........@).#...
..##......>r...... ..
... #......)....#.. ..
.. #.............. ..
...##........... ...
.(.......... .#
...#.........
#.....#.......


You could see a quokka.

Vanquished Creatures
  2 dart slugs (D:1)
  An endoplasm (D:1)
  A giant cockroach (D:1)
  A hobgoblin (D:1)
  3 jackals (D:1)
  2 ball pythons (D:1)
  2 bats (D:1)
  A frilled lizard (D:1)
  2 kobolds (D:1)
  2 rats (D:1)
17 creatures vanquished.

Vanquished Creatures (others)
  37 foxfires (D:1)
37 creatures vanquished.

Grand Total: 54 creatures vanquished

Notes
Turn   | Place    | Note
-------+----------+-------------------------------------------
     0 | D:1      | Arctor the Deep Elf Fire Elementalist began the quest for
                  | the Orb.
     0 | D:1      | Reached XP level 1. HP: 10/10 MP: 6/6
    29 | D:1      | Found Buyz Gen's Armour Boutique.
    59 | D:1      | Reached XP level 2. HP: 15/15 MP: 1/8
   183 | D:1      | Found Wougymmerphu's General Store.
   342 | D:1      | HP: 1/22 [poisoned by a kobold]
   343 | D:1      | Succumbed to a kobold's poison

Illustrated notes

Levels and vault maps discovered:
D:1:      minmay_arrival_doors, layout_rooms, serial_shops, shop, shop, shop

Action                     || total
---------------------------++-------
  Melee: Unarmed           ||    17
   Cast: Foxfire           ||    21
    Use: Potion            ||     1
 Armour: Robe              ||    17
  Dodge: Dodged            ||    33
